 Dungeon Crawl Stone Soup version 0.28-a0-1312-g71652a0310 (webtiles) character file.

Game seed: 7484293091172274938

2 gimp the Gusty (level 1, -2/16 HPs)
             Began as a Demigod Wanderer on Dec 27, 2021.
             Slain by a quokka (3 damage)
             ... on level 1 of the Dungeon.
             The game lasted 00:01:18 (106 turns).

gimp the Gusty (Demigod Wanderer)                    Turns: 106, Time: 00:01:19

Health: -2/16      AC:  5    Str: 11    XL:     1   Next: 20%
Magic:  1/5        EV:  9    Int: 17    God:
Gold:   10         SH:  0    Dex: 12    Spells: 2/3 levels left

rFire   . . .      SeeInvis .   a - +0 dagger
rCold   . . .      Faith    .   (no shield)
rNeg    . . .      Spirit   .   c - +0 ring mail
rPois   .          Reflect  .   (no helmet)
rElec   .          Harm     .   (no cloak)
rCorr   .          Rampage  .   (no gloves)
Will    .....                   (no boots)
Stlth   +.........              (no amulet)
HPRegen 0.05/turn               (no ring)
MPRegen 0.09/turn               (no ring)

@: very slightly contaminated
A: high mp 1, forlorn, divine attributes
a: no special abilities


You were on level 1 of the Dungeon.
You visited 1 branch of the dungeon, and saw 1 of its levels.

You collected 10 gold pieces.

Inventory:

Hand Weapons
 a - a +0 dagger (weapon)
Armour
 b - a +0 scale mail
 c - a +0 ring mail (worn)


   Skills:
 - Level 1.0 Fighting
 - Level 1.0 Armour
 - Level 1.0 Stealth
 + Level 1.8 Spellcasting
 * Level 0.2 Conjurations
 - Level 1.0 Translocations
 * Level 3.6 Air Magic


You had 2 spell levels left.
You knew the following spells:

 Your Spells              Type           Power      Damage    Failure   Level
a - Shock                 Conj/Air       32%        1d5       22%         1

Your spell library contained the following spells:

 Spells                   Type           Power      Damage    Failure   Level
 Apportation              Tloc           8%         N/A       30%         1
 Swiftness                Air            13%        N/A       30%         3
 Mephitic Cloud           Conj/Pois/Air  5%         N/A       63%         3
 Gell's Gravitas          Tloc           4%         N/A       67%         3


Dungeon Overview and Level Annotations

Branches:
Dungeon (1/15)


Innate Abilities, Weirdness & Mutations

You have an increased reservoir of magic. (+10% MP)
You shall have no god before yourself.
Your divine heritage dramatically boosts your attributes as you level up.


Message History

You miscast Shock.
You are very lightly contaminated with residual magic.
Nothing appears to happen.
The quokka bites you but does no damage.
You now have 4/5 mp.
Casting: Shock (safe; 22% risk of failure)
Confirm with . or Enter, or press ? or * to list all spells.
Aiming: Shock (safe; 22% risk of failure)
Press: ? - help, Shift-Dir - straight line, f/p - quokka
Aim: a quokka (56% to hit)
The zap hits the quokka.
The quokka is heavily wounded.
The zap hits the hobgoblin.
You kill the hobgoblin!
The quokka bites you but does no damage.
You now have 3/5 mp.
Casting: Shock (safe; 22% risk of failure)
Confirm with . or Enter, or press ? or * to list all spells.
Aiming: Shock (safe; 22% risk of failure)
Press: ? - help, Shift-Dir - straight line, f/p - quokka
Aim: a quokka (heavily wounded, 56% to hit)
The zap misses the quokka.
The quokka bites you.
* * * LOW HITPOINT WARNING * * *
The quokka bites you.
* * * LOW HITPOINT WARNING * * *
You take 5 damage, and have 2/16 hp.
MASSIVE DAMAGE!!
You now have 2/5 mp.
Casting: Shock (safe; 22% risk of failure)
Confirm with . or Enter, or press ? or * to list all spells.
Aiming: Shock (safe; 22% risk of failure)
Press: ? - help, Shift-Dir - straight line, f/p - quokka
Aim: a quokka (heavily wounded, 56% to hit)
The zap hits the quokka.
The quokka is severely wounded.
The quokka bites you.
* * * LOW HITPOINT WARNING * * *
You take 1 damage, and have 1/16 hp.
You now have 1/5 mp.
You closely miss the quokka.
The quokka is severely wounded.
The quokka bites you.
You die...

####.#........
#..............
#.##...######## #
#.#..############
#..g.....$.......
#.#.>............
#†#..........####
#r#............#
#@#.#........#.#
#.#...######## #
....... ..##.####
... ... ##.. ##
... ###.


You could see a quokka.

Vanquished Creatures
  A hobgoblin (D:1)
  A rat (D:1)
2 creatures vanquished.

Notes
Turn   | Place    | Note
-------+----------+-------------------------------------------
     0 | D:1      | gimp the Demigod Wanderer began the quest for the Orb.
     0 | D:1      | gimp set off with the following items: a +0 dagger, a +0
                  | scale mail; and the following spells available to memorise:
                  | Shock, Apportation, Swiftness, Mephitic Cloud, Gell's
                  | Gravitas
     0 | D:1      | Reached XP level 1. HP: 16/16 MP: 5/5
     2 | D:1      | Learned a level 1 spell: Shock
   106 | D:1      | Slain by a quokka

Illustrated notes

Levels and vault maps discovered:
D:1:      onia_arrival_pentagram, layout_basic

Action                   || total
-------------------------++-------
Melee: Dagger            ||    10
 Cast: Shock             ||     3
Armor: Ring mail         ||     6
Dodge: Dodged            ||     4

Table legend: (Time is in decaauts)
 A = Elapsed time spent in this place.
 B = Non-inter-level travel time spent in this place.
 C = Inter-level travel time spent in this place.
 D = Time resting spent in this place.
 E = Time spent auto-exploring this place.
 F = Levels seen in this place.
 G = Mean time per level.
                   A        B        C        D        E       F      G
               +--------+--------+--------+--------+--------+-----+--------+
         Total |    106 |    106 |      0 |      0 |     51 |   1 |  106.0 |
       Dungeon |    106 |    106 |      0 |      0 |     51 |   1 |  106.0 |
               +--------+--------+--------+--------+--------+-----+--------+

Top non-repeatable levels by time:
     D:1: 106 daAuts
